 Dungeon Crawl Stone Soup version 0.20-a0-256-gabb291d (webtiles) character file.

3236 KristoblXynda the Covert (level 9, -13/75 HPs)
             Began as a Naga Fighter on Dec 1, 2016.
             Was a High Priest of Cheibriados.
             Mangled by a yak (14 damage)
             ... on level 7 of the Dungeon.
             The game lasted 00:18:22 (7921 turns).

KristoblXynda the Covert (Naga Fighter)             Turns: 7921, Time: 00:18:23

Health: -13/75     AC:  9    Str: 29    XL:     9   Next: 98%
Magic:  10/10      EV:  7    Int: 23    God:    Cheibriados [*****.]
Gold:   502        SH: 13    Dex: 28    Spells: 8/8 levels left

rFire  . . .     SeeInvis +     a - +2 long sword
rCold  + . .     Gourm    .     t - +1 scale mail
rNeg   . . .     Faith    .     c - +0 shield
rPois  +         Spirit   .     (no helmet)
rElec  .         Reflect  .     k - +0 cloak
rCorr  .         Harm     .     (no gloves)
MR     +....     Rnd*Rage +     (no barding)
Stlth  ++++......               (no amulet)
                                d - +3 ring of dexterity
                                n - ring of protection from cold

@: very slow
A: thin skeletal structure 1, see invisible, berserk 1, deformed body, poison
resistance, slowness 2, slow metabolism 1, spit poison 1, weak 1, MP-powered
wands, sturdy frame 1, AC +3
a: Spit Poison, Bend Time, Temporal Distortion, Slouch, Step From Time, Renounce
Religion


You were on level 7 of the Dungeon.
You worshipped Cheibriados.
Cheibriados was extremely pleased with you.
You were not hungry.

You visited 1 branch of the dungeon, and saw 8 of its levels.

You collected 528 gold pieces.
You spent 26 gold pieces at shops.

Inventory:

Hand Weapons
 a - a +2 long sword (weapon)
Armour
 c - a +0 shield (worn)
 k - a +0 cloak (worn)
 t - a +1 scale mail (worn)
Jewellery
 d - a +3 ring of dexterity (right hand)
 n - a ring of protection from cold (left hand)
 q - an uncursed ring of resist corrosion
Wands
 e - a wand of disintegration (13/24)
 i - a wand of disintegration (24/24)
Scrolls
 b - a scroll of recharging
 g - a scroll of immolation
 h - a scroll of fog
 m - 3 scrolls of identify
 o - 5 scrolls of remove curse
 s - 3 scrolls of amnesia
 w - a scroll of enchant armour
Potions
 p - a potion of magic
Books
 u - a book of Power

   Spells                             Type                      Level
   a - Fulminant Prism                Conjuration/Hexes            4
   b - Iskenderun's Mystic Blast      Conjuration                  4
   c - Venom Bolt                     Conjuration/Poison           5
   d - Bolt of Magma                  Conjuration/Fire/Earth       5
   e - Iron Shot                      Conjuration/Earth            6
   f - Orb of Destruction             Conjuration                  7
   g - Spellforged Servitor           Conjuration/Summoning        7
Comestibles
 f - 3 bread rations


   Skills:
 - Level 3.0 Fighting
 + Level 7.9 Long Blades
 + Level 5.2 Armour
 - Level 8.2 Stealth
 - Level 7.1 Shields
 + Level 2.2 Invocations


You had 8 spell levels left.
You didn't know any spells.

Dungeon Overview and Level Annotations

Branches:
Dungeon (8/15)             Temple (0/1) D:5
   Lair: D:8-11

Altars:
Ashenzari
Cheibriados
Elyvilon
Gozag
Hepliaklqana
Kikubaaqudgha
Qazlal
Ru

Shops:
D:4 %*(   D:5 [   D:6 =   D:8 ?

Annotations:
D:7 Joseph


Innate Abilities, Weirdness & Mutations

You cannot wear boots.
Your serpentine skin is tough. (AC +3)
You have supernaturally acute eyesight. (SInv)
Armour fits poorly on your strangely shaped body.
Your system is resistant to poisons. (rPois)
You cover ground very slowly.
You have a slow metabolism.
You can spit poison.
You have a somewhat thin skeletal structure. (Dex +2, Stealth)
You tend to lose your temper in combat.
You are weak. (Str -2)
You expend magic power (3 MP) to strengthen your wands.
Your movements are slightly less encumbered by armour. (ER -2)


Message History

The yak is heavily wounded.
You block the yak's attack. x2
You slash the yak!
The yak is severely wounded.
You have got your breath back.
You block the yak's attack. The yak gores you!
* * * LOW HITPOINT WARNING * * *
You barely miss the yak.
The yak is severely wounded.
You block the yak's attack. The yak gores you!
* * * LOW HITPOINT WARNING * * *
You slash the yak!
The yak is almost dead.
You block the yak's attack. The yak gores you.
* * * LOW HITPOINT WARNING * * *
Unknown command.
You hit the yak but do no damage.
The yak is almost dead.
The yak gores you!
You die...

#............#. #..####.
##.###......## ##.......
#######....## #........
#.###......# . #<.....
##.##..####......###..##.
#.....# .............
##.###.## ..........###
#.## ##.## #..........###
### #Y@##..........###.
##Y#............##.
##Y.....####.......
#..#..#..# #.......
#.........# ..###...
............# ##.@
?...##..###.... .#####..
#... ..## #... ........
##. ... ... ..Y...Y.


You could see 3 yaks.

Vanquished Creatures
  Psyche (D:8)
  Prince Ribbit (D:7)
  2 yaks (D:6)
  A porcupine (D:8)
  An orc warrior (D:7)
  2 black bears
  An ice beast (D:5)
  3 ogres
  4 centaurs
  A big kobold (D:7)
  2 bullfrogs
  A wyvern zombie (D:6)
  A scorpion (D:6)
  4 wights (D:6)
  2 crimson imps (D:6)
  4 orc priests
  A hound (D:4)
  A jelly (D:5)
  Crazy Yiuf (D:3)
  A bullfrog skeleton (D:4)
  3 iguanas
  Natasha (thrice) (D:3)
  5 worker ants
  4 orc wizards
  A hound zombie (D:6)
  11 adders
  A shadow imp (D:8)
  2 oozes
  An adder skeleton (D:4)
  3 worms
  4 dart slugs
  11 leopard geckos
  23 orcs
  9 bats
  18 giant cockroaches
  8 goblins
  8 hobgoblins
  4 jackals
  8 quokkas
  4 frilled lizards
  A jackal skeleton (D:5)
  10 kobolds
  5 rats
  A rat zombie (D:5)
183 creatures vanquished.

Notes
Turn   | Place    | Note
-------+----------+-------------------------------------------
     0 | D:1      | KristoblXynda the Naga Fighter began the quest for the Orb.
     0 | D:1      | Reached XP level 1. HP: 21/21 MP: 1/1
   179 | D:1      | Reached XP level 2. HP: 27/28 MP: 2/2
   184 | D:1      | Reached skill level 1 in Stealth
   707 | D:1      | Reached skill level 2 in Stealth
   759 | D:1      | Reached XP level 3. HP: 34/34 MP: 3/3
  1073 | D:2      | Reached skill level 3 in Stealth
  1150 | D:2      | Found a sacrificial altar of Ru.
  1155 | D:2      | Found an opulent altar of Gozag.
  1166 | D:2      | Found a snail-covered altar of Cheibriados.
  1166 | D:2      | Found a stormy altar of Qazlal.
  1176 | D:2      | Reached XP level 4. HP: 35/42 MP: 4/4
  1191 | D:2      | Became a worshipper of Cheibriados the Contemplative
  1483 | D:2      | Reached skill level 4 in Stealth
  1867 | D:3      | Reached * piety under Cheibriados
  2133 | D:3      | Reached XP level 5. HP: 48/49 MP: 5/5
  2309 | D:3      | Reached ** piety under Cheibriados
  2783 | D:3      | Noticed Natasha
  2789 | D:3      | Killed Natasha
  2789 | D:3      | Reached skill level 5 in Stealth
  2829 | D:3      | Noticed Natasha
  2832 | D:3      | Killed Natasha
  2832 | D:3      | Reached XP level 6. HP: 54/56 MP: 6/6
  2909 | D:3      | Found a runed door.
  3278 | D:3      | Noticed Crazy Yiuf
  3283 | D:3      | Killed Crazy Yiuf
  3377 | D:4      | Reached skill level 6 in Stealth
  3433 | D:3      | Noticed Natasha
  3441 | D:3      | Killed Natasha
  3491 | D:4      | Found Haupraups's General Store.
  3500 | D:4      | Reached *** piety under Cheibriados
  3500 | D:4      | Reached XP level 7. HP: 50/62 MP: 7/7
  3510 | D:4      | Bought a scroll of identify for 26 gold pieces
  3538 | D:4      | Gained mutation: You tend to lose your temper in combat. [potion of mutation]
  3538 | D:4      | Gained mutation: Your spells are a little harder to cast, but a little more powerful. [potion of mutation]
  3538 | D:4      | Gained mutation: Your movements are slightly less encumbered by armour. (ER -2) [potion of mutation]
  3591 | D:4      | Found Zaonigg's Antique Weapon Shop.
  3736 | D:4      | Found Esto's Food Emporium.
  4001 | D:4      | Reached skill level 7 in Stealth
  4035 | D:4      | Found a shattered altar of Ashenzari.
  4141 | D:5      | Entered Level 5 of the Dungeon
  4191 | D:5      | Reached skill level 5 in Long Blades
  4241 | D:5      | Found a white marble altar of Elyvilon.
  4249 | D:5      | Reached skill level 8 in Stealth
  4249 | D:5      | Reached XP level 8. HP: 37/69 MP: 8/8
  4303 | D:5      | Reached **** piety under Cheibriados
  4303 | D:5      | Reached skill level 5 in Shields
  4358 | D:5      | Found a staircase to the Ecumenical Temple.
  4373 | D:5      | Found Lifodugg's Armour Shoppe.
  4492 | D:5      | Found an ancient bone altar of Kikubaaqudgha.
  4761 | D:6      | Found a hazy altar of Hepliaklqana.
  4790 | D:6      | Gained mutation: You expend magic power (3 MP) to strengthen your wands. [potion of mutation]
  4790 | D:6      | Lost mutation: Your spells are a little harder to cast, but a little more powerful. [potion of mutation]
  4790 | D:6      | Gained mutation: You are weak. (Str -2) [potion of mutation]
  5255 | D:6      | Found Sifeowin's Jewellery Emporium.
  6005 | D:6      | Reached XP level 9. HP: 60/75 MP: 9/9
  6093 | D:6      | HP: 1/75 [yak (6)]
  6562 | D:7      | Noticed Prince Ribbit
  6583 | D:7      | Killed Prince Ribbit
  6903 | D:7      | Gained mutation: You have a somewhat thin skeletal structure. (Dex +2, Stealth) [potion of beneficial mutation]
  7054 | D:7      | Reached ***** piety under Cheibriados
  7079 | D:7      | Found an opulent altar of Gozag.
  7125 | D:7      | Reached skill level 5 in Armour
  7237 | D:7      | Noticed Joseph
  7253 | D:8      | Found Zavuigeh's Magic Scroll Boutique.
  7463 | D:8      | Noticed Psyche
  7470 | D:8      | Killed Psyche
  7470 | D:8      | Reached skill level 1 in Invocations
  7538 | D:8      | Noticed a death yak
  7551 | D:8      | Noticed a death yak
  7551 | D:8      | Noticed a death yak
  7920 | D:7      | HP: 1/75 [yak (4)]
  7921 | D:7      | Mangled by a yak

Vault maps used:
D:1:      shiori_arrival_elements, minmay_misc_feat_columns
D:2:      grunt_temple_overflow_open
D:3:      minmay_roachtagon, uniq_natasha, uniq_crazy_yiuf_cottage
D:4:      kennysheep_mini_moat, serial_shops, shop, kennysheep_little_box, shop,
          first_bread, hangedman_decor_growths
D:5:      nicolae_overflow_hidden_temple, lemuel_zombie_altar_kikubaaqudgha,
          serial_shops, shop
D:6:      nicolae_overflow_crystal_walls, serial_shops, nicolae_shop_trees
D:7:      basic_altar, uniq_joseph, uniq_prince_ribbit1
D:8:      lemuel_crystal_altar, nicolae_tso_besieged_by_evil,
          lemuel_round_altar, dpeg_lair_monsters, serial_shops, shop,
          uniq_psyche

Skill      XL: |  1  2  3  4  5  6  7  8  9 |
---------------+----------------------------+-----
Stealth        | 2 3 4 5 6 8 |  8.2
Shields        | 3 4 6 7 |  7.1
Long Blades    | 3 4 5 6 7 |  7.9
Armour         | 3 5 |  5.2
Invocations    | 2 |  2.2
Fighting       | |  3.0

Action                   |  1- 3 |  4- 6 |  7- 9 || total
-------------------------+-------+-------+-------++-------
Melee: Long sword        |    88 |   202 |   322 ||   612
 Abil: Spit Poison       |     5 |    11 |    15 ||    31
  Use: Scroll            |     1 |     7 |    13 ||    21
       Potion            |       |       |    10 ||    10
 Stab: Sleeping          |       |     4 |     6 ||    10
       Invisible         |       |       |     9 ||     9
       Distracted        |       |       |     1 ||     1
  Eat: Chunk             |     1 |     2 |       ||     3
       Royal jelly       |       |     1 |       ||     1
       Meat ration       |       |     1 |       ||     1
       Pizza             |       |       |     1 ||     1
       Beef jerky        |       |       |     1 ||     1
       Bread ration      |       |       |     1 ||     1
Armor: Scale mail        |     4 |       |   114 ||   118
       Ring mail         |    28 |    78 |     7 ||   113
Dodge: Dodged            |    28 |    48 |   116 ||   192
Block: Shield            |    38 |   113 |   230 ||   381
       Rpst.: Long sword |    11 |    16 |    41 ||    68
